Cogmind - Beta 14 @@@ ROGUE MODE // 2025.03.24 @ 20:36:37 // Winter2019/RPGLIKE Player: Lava Result: Destroyed by as-59835 with Assembled Maul Performance ------------- Evolutions (0) 0 Regions Visited (2) 400 Robots Destroyed (17) 85 Value Destroyed (437) 437 Prototype IDs (2) 40 Alien Tech Used (0) 0 Bonus (0) 0 TOTAL SCORE: 962 Bonus ------- None Cogmind --------- Core Integrity 0/600 Matter 282/300 Energy 250/250 System Corruption 0% Temperature Cool (24) Movement Treading (160) Location -10/Mines Parts ------- > --- POWER (1) -------- Ion Engine > --- PROPULSION (2) --- Light Treads Light Treads > --- UTILITY (2) ------ Signal Interpreter Light Armor Plating > --- WEAPON (2) ------- Assault Rifle Assault Rifle > --- INVENTORY (1) ---- Hammer Peak State ------------ > --- POWER ------------ Ion Engine > --- PROPULSION ------- Light Treads Light Treads > --- UTILITY ---------- Utility Shielding Utility Shielding > --- WEAPON ----------- Assault Rifle Assault Rifle > --- INVENTORY -------- (None) [Rating: 7] Favorites ----------- Power Ion Engine Engine Ion Engine Propulsion Light Treads Treads Light Treads Utility Utility Shielding Processor Signal Interpreter Protection Utility Shielding Weapon Assault Rifle Ballistic Gun Assault Rifle Build | -11 -10 -10 ------- Run | Yrd Mat Min Slots Evolved 3 | 3 . . Power . | . . . Propulsion 1 | 1 . . Utility 1 | 1 . . Weapon 1 | 1 . . Parts Attached 11 | 6 5 . Power 1 | 1 . . Engine 1 | 1 . . Core . | . . . Reactor . | . . . Propulsion 3 | 2 1 . Treads 3 | 2 1 . Leg . | . . . Wheel . | . . . Hover . | . . . Flight . | . . . Utility 4 | . 4 . Device . | . . . Storage . | . . . Processor 1 | . 1 . Hackware . | . . . Protection 3 | . 3 . Artifact . | . . . Weapon 3 | 3 . . Energy Gun . | . . . Energy Cannon . | . . . Ballistic Gun 3 | 3 . . Ballistic Cannon . | . . . Launcher . | . . . Special Weapon . | . . . Impact Weapon . | . . . Slashing Weapon . | . . . Piercing Weapon . | . . . Special Melee Weapon . | . . . Unidentified Prototypes . | . . . Parts Lost . | . . . Power . | . . . Propulsion . | . . . Utility . | . . . Weapon . | . . . Highest Loss Streak . | . . . To Critical Strikes . | . . . Average Slot Usage (%) 97 | . 96 100 Engine 14 | . 14 14 Treads 27 | . 27 28 Processor 11 | . 10 14 Protection 14 | . 14 14 Ballistic Gun 28 | . 28 28 Peak Build Rating 7 | 5 7 7 Average Rating 6 | 3 6 7 On Entrance 4 | . 5 7 Naked Turns . | . . . Heaviest Build 12 | 9 12 12 Greatest Support 40 | 40 40 40 Greatest Overweight (x) . | . . . Average Overweight (x) . | . . . Largest Inventory Capacity 1 | 1 1 1 Average Capacity 1 | 1 1 1 Most Carried 1 | 1 1 1 Average Carried . | . . 1 Final Capacity 1 | 1 1 1 Final Carried 1 | . 1 1 Class Distribution -------------------- 100% | Mutant Dominant Class ---------------- Mutant | -10/Materials Mutant | -10/Mines Resources | -11 -10 -10 ----------- Run | Yrd Mat Min Matter Collected 666 | 260 185 221 Remotely . | . . . Salvage Created 297 | . 142 155 Parts 32 | . 21 11 Haulers Intercepted . | . . . Recyclers Shooed . | . . . Parts Field Recycled . | . . . Retrieved Matter . | . . . Parts Self-Destructed . | . . . Prevented . | . . . Kills | -11 -10 -10 ------- Run | Yrd Mat Min Combat Hostiles Destroyed 17 | . 8 9 Melee 1 | . . 1 Guns 15 | . 8 7 AOE 1 | . . 1 Classes Destroyed 7 | . 4 3 Worker 1 | . 1 . Builder 2 | . 1 1 Watcher 2 | . 2 . Swarmer 3 | . . 3 Grunt 8 | . 8 . Demolisher 1 | . . 1 Assembled 5 | . . 5 Best Kill Streak 9 | . 3 9 Combat Bots Only 9 | . 3 9 Max Kills in Single Turn 2 | . 2 1 Gunslinging . | . . . Exploded 1 | . . 1 Melee 1 | . . 1 Uniques/NPCs Destroyed . | . . . Combat | -11 -10 -10 -------- Run | Yrd Mat Min Hostile Shots Fired 109 | . 47 62 Missed 33 | . 20 13 Damage Taken 1061 | . 353 708 Core 837 | . 280 557 Absorbed by Shields . | . . . Redirected to Core 644 | . 238 406 Core Remaining (%) 100 | 100 . . Volleys Fired 66 | . 42 24 Largest 2 | . 2 2 Hottest 40 | . 40 40 Shots Fired 132 | . 84 48 Gun 132 | . 84 48 Cannon . | . . . Launcher . | . . . Special . | . . . Kinetic 132 | . 84 48 Thermal . | . . . Explosive . | . . . Electromagnetic . | . . . Robot Hit Streak 11 | . 11 6 Robot Miss Streak 11 | . 4 11 Penetration Max . | . . . Secondary Targets 1 | . 1 . Max Gunslinging Chain 1 | . 1 . Shots Hit Robots 75 | . 56 19 Core Hits 37 | . 23 14 Critical Kills 2 | . 1 1 Critical Parts Destroyed 1 | . 1 . Critical Strikes 3 | . 2 1 Destroy 3 | . 2 1 Melee Attacks . | . . . Impact . | . . . Slashing . | . . . Piercing . | . . . Sneak Attacks . | . . . Combat Hostiles . | . . . Follow-up Attacks . | . . . Damage Inflicted 968 | . 705 263 Guns 957 | . 702 255 Cannons . | . . . Explosions . | . . . Melee . | . . . Ramming 11 | . 3 8 Kinetic 957 | . 702 255 Thermal . | . . . Explosive . | . . . Electromagnetic . | . . . Impact . | . . . Slashing . | . . . Piercing . | . . . Highest Corruption . | . . . Average Corruption . | . . . Corruption Purged . | . . . Corruption Blocked . | . . . Overload Shots . | . . . Overflow Damage . | . . . Projectiles . | . . . Explosions . | . . . Melee . | . . . Knockbacks . | . . . Impact . | . . . Kinetic . | . . . Secondary . | . . . Self-Inflicted Damage . | . . . Shots . | . . . Rammed 6 | . 1 5 Targets Rammed 7 | . 1 6 Kicked . | . . . Crushed 1 | . . 1 Highest Temperature 24 | . 20 24 Average Temperature 10 | . 5 14 Received Heat Transfer 373 | . 213 160 Siege Activations . | . . . Robots Corrupted . | . . . Combat Hostiles . | . . . Parts Fried . | . . . Impact Corruptions . | . . . Robots Melted . | . . . Combat Hostiles . | . . . Parts Melted . | . . . Heat Transferred . | . . . Parts Sabotaged . | . . . Parts Stolen . | . . . Parts Stripped . | . . . Power Chain Reactions . | . . . Alert | -11 -10 -10 ------- Run | Yrd Mat Min Peak Influence 244 | . 244 123 Initial 3 | . . 3 Average 73 | . 72 95 Maximum Alert Level 1 | . 1 . Low Security (%) 95 | 100 94 100 Level 1 4 | . 5 . Level 2 . | . . . Level 3 . | . . . Level 4 . | . . . Level 5 . | . . . High Security . | . . . Max Security . | . . . Squads Dispatched 1 | . 1 . Investigation . | . . . Extermination . | . . . Reinforcement 1 | . 1 . Assault . | . . . Garrison . | . . . Intercept . | . . . Searches Triggered . | . . . Construction Impeded . | . . . Haulers Reinforced . | . . . Active Scanning Responses . | . . . Cargo Convoy Interrupts . | . . . Stealth | -11 -10 -10 --------- Run | Yrd Mat Min Distress Signals . | . . . Communications Jammed . | . . . Distress Signals . | . . . Times Spotted 52 | . 16 36 Peak Tracking Total 19 | . 3 19 Tactical Retreats 6 | . 1 5 Traps | -11 -10 -10 ------- Run | Yrd Mat Min Traps Triggered 1 | . 1 . Indirectly . | . . . Trap Hack Attempts . | . . . Triggered . | . . . Disarmed . | . . . Reprogrammed . | . . . Reused . | . . . Traps Extracted . | . . . Installed . | . . . Triggered . | . . . Machines | -11 -10 -10 ---------- Run | Yrd Mat Min Machines Disabled . | . . . Max in Single Turn . | . . . Machines Repaired . | . . . Machines Dismantled . | . . . Machines Sabotaged . | . . . Overloaded Fab Kills . | . . . Hacking | -11 -10 -10 --------- Run | Yrd Mat Min Machines Accessed 5 | . 5 . Terminals 5 | . 5 . Fabricators . | . . . Repair Stations . | . . . Recycling Units . | . . . Scanalyzers . | . . . Garrison Access . | . . . Total Hacks 13 | . 13 . Successful 4 | . 4 . Failed 9 | . 9 . Catastrophic 2 | . 2 . Database Lockouts . | . . . Manual 10 | . 10 . Terminals 13 | . 13 . Fabricators . | . . . Repair Stations . | . . . Recycling Units . | . . . Scanalyzers . | . . . Garrison Access . | . . . Terminal Hacks 4 | . 4 . Part Schematic 1 | . 1 . Prototype ID Bank 1 | . 1 . Branch Access Points 1 | . 1 . Emergency Access Points 1 | . 1 . Fabricator Hacks . | . . . Repair Station Hacks . | . . . Recycling Unit Hacks . | . . . Scanalyzer . | . . . Garrison Access Hacks . | . . . Unauthorized Hacks . | . . . Terminals . | . . . Fabricators . | . . . Repair Stations . | . . . Recycling Units . | . . . Scanalyzers . | . . . Garrison Access . | . . . Data Cores Recovered . | . . . Used . | . . . Hacking Detections 5 | . 5 . Full Trace Events . | . . . Feedback Events . | . . . Feedback Blocked . | . . . Robot Schematics Acquired . | . . . Robots Built . | . . . Authchips . | . . . Time . | . . . Total Robot Build Rating . | . . . Part Schematics Acquired 1 | . 1 . Parts Built . | . . . Authchips . | . . . Time . | . . . Total Part Build Rating . | . . . Parts Repaired . | . . . Time . | . . . Parts Recycled . | . . . Recycled Matter . | . . . Retrieved Matter . | . . . Retrieved Components . | . . . Parts Scanalyzed . | . . . Part Schematics Acquired . | . . . Parts Damaged . | . . . Bothacking | -11 -10 -10 ------------ Run | Yrd Mat Min Used RIF Installer . | . . . Robots Hacked . | . . . Non-combat . | . . . Combat . | . . . Robot Hacks Applied . | . . . Relay Couplers Released . | . . . Fabnet Peak Effective % . | . . . Robots Rewired . | . . . Allies Hacked . | . . . Hacks Repelled . | . . . Allies | -11 -10 -10 -------- Run | Yrd Mat Min Total Allies . | . . . Largest Group . | . . . Highest-Rated Group . | . . . Highest-Rated Ally . | . . . Total Orders . | . . . Ally Attacks . | . . . Total Damage . | . . . Kills . | . . . Allies Corrupted . | . . . Allies Melted . | . . . Intel | -11 -10 -10 ------- Run | Yrd Mat Min Robot Analysis Total . | . . . Derelict Logs Recovered 1 | . . 1 Drone Launches . | . . . Drone Recoveries . | . . . Exploration | -11 -10 -10 ------------- Run | Yrd Mat Min Turns Passed 1206 | 51 946 209 Spaces Moved 581 | 29 472 80 Core 3 | 3 . . Treads 578 | 26 472 80 Legs . | . . . Wheels . | . . . Hover . | . . . Flight . | . . . Fastest Speed 50 | 50 160 160 Average Speed 159 | 148 160 160 Slowest Speed 160 | 160 160 160 Overloaded Moves . | . . . Propulsion Burnouts . | . . . Robots Hopped . | . . . Cave-ins Triggered . | . . . Exploration Rate (%) 37 | 3 81 28 Regions Visited 2 Branch Regions 1 Pre-discovered Areas . | . . . Known Exits Taken 1 | . 1 . Unknown Exits Taken 1 | 1 . . Scrap Searched . | . . . Spaces Dug . | . . . Terrain Destroyed . | . . . Melee . | . . . Projectile . | . . . AOE . | . . . Terrain Rammed . | . . . Walls Destroyed . | . . . Machines Disabled . | . . . Actions | -11 -10 -10 --------- Run | Yrd Mat Min Total 724 | 36 577 111 Wait 39 | . 39 . Move 579 | 28 471 80 Hop . | . . . Pick Up 4 | 1 3 . Fast Attach 6 | 4 2 . Attach 2 | 1 1 . Detach . | . . . Swap 3 | 1 2 . Drop 2 | 1 1 . Fire 66 | . 42 24 Melee . | . . . Ram . | . . . Kick . | . . . Crush 7 | . 1 6 Escape Stasis . | . . . Rewire . | . . . Trap . | . . . Miscellaneous 16 | . 15 1 Route ------- -11/Scrapyard -10/Materials (discovered 3 exits: *Mat x2 / *Min) -10/Mines (discovered 2 exits: *Mat x2) History --------- Turn | Location | Event 1 | -11/Scrapyard | Upgraded with Propulsion slot (x1) 1 | -11/Scrapyard | Upgraded with Utility slot (x1) 1 | -11/Scrapyard | Upgraded with Weapon slot (x1) 2 | -11/Scrapyard | Met Revision 17 12 | -11/Scrapyard | Discovered new exit (range 15) 52 | -11/Scrapyard | Entered Materials 314 | -10/Materials | Build established: Mutant 580 | -10/Materials | Discovered new exit (range 9) 595 | -10/Materials | Identified exit to Materials 824 | -10/Materials | Discovered exit to Materials (range 15) 893 | -10/Materials | Identified exit to Mines 998 | -10/Materials | Entered Mines 999 | -10/Mines | Assembled infested the area 1000 | -10/Mines | Reached level 2 1004 | -10/Mines | Assisted by a Guerilla fighting off Assembled 1078 | -10/Mines | Core integrity fell below 50% 1127 | -10/Mines | Destroyed 9 combat bots 1147 | -10/Mines | Discovered exit to Materials (range 3) 1197 | -10/Mines | Discovered exit to Materials (range 15) 1198 | -10/Mines | Learned location of 1 exit from Materials 1203 | -10/Mines | Core integrity fell below 20% 1207 | -10/Mines | Destroyed by as-59835 with Assembled Maul Last Messages --------------- 01078_ as-26769 suffers critical hit (Destroy). 01078_ as-26769 destroyed. 01079_ Acquired 38 matter. 01093_ as-41250 destroyed. 01094_ Acquired 22 matter. 01106_ as-19721 destroyed. 01136_ R-06 Scavenger collects Seismic Detector. 01139_ R-06 Scavenger collects Mining Laser. 01144_ R-06 Scavenger collects Imp. Terrain Scanner. 01147_ EXIT=FOUND: MATERIALS 01153_ K-01 Serf collects debris. 01166_ Acquired 61 matter. 01167_ K-01 Serf collects debris. 01197_ EXIT=FOUND: MATERIALS 01198_ Acquired derelict log, extracted data. Data stored: Materials exits (x1). 01200_ R-06 Scavenger collects Wheel. 01200_ U-05 Engineer destroyed. 01202_ R-06 Scavenger collects Wheel. 01205_ R-06 Scavenger collects Med. Matter Pod. Map ----- +----------------------------------------------------+ | ??# ##???????????????????????????? | | ??## #######???????????????????????? | | ???# #?????????????????????? | | ???# #######???????????????????????? | | ???# #?????? #?????????????????????? | | ??## =#?????? ##????????????????????? | | ?## !%#?????# ##???????????????????? | | ?# =##??## #???????????????????? | | ?# ### #???????????????????? | | ?# =% #????????????????????? | | ?# #?????????????????????? | | ?## #?????????????????????? | | ??## #####?????????????????? | | ???### ##????????????????? | | ?????## % ###??????????????? | | ??????# % ##?????????????? | | ??????# % #?????????????? | | ??????## ! !%* ????????????? | | ???????## ###= x ????????????? | | ????????# #??%! ## #?????????????? | | ????????# ###= ##?????????????????? | | ????????# ## ##??????????????????? | | ????????# ## #???????????????????? | | ????????# #????????????????????? | | ????????#### =##????????????????????? | | ???????????#@ #?????????????????????? | | ???????????#a #????????????????????? | | ???????????# %=#???????????????????? | | ??????????? ??????????????????? | | ??????????? a ????????????????? | | ??????????? = ???????????????? | | ??????????? %= #####??????????????? | | ?????????? !%##??????????????????? | | ?????????? a *#???????????????????? | | ??????????### a #???????????????????? | | ????????????? |!#???????????????????? | | ?????????????= %#???????????????????? | | ????????????? *% ???????????????????? | | ?????????????**